 Dungeon Crawl Stone Soup version 0.25.0-11-g1f837a76a1 (webtiles) character file.

Game seed: 10383876724925063767

35 Flugkiller the Ducker (level 3, -15/33 HPs)
             Began as a Deep Elf Chaos Knight on June 25, 2020.
             Was a Plaything of Xom.
             Demolished by a komodo dragon (shapeshifter) (18 damage)
             ... on level 2 of the Dungeon.
             The game lasted 00:02:25 (1903 turns).

Flugkiller the Ducker (Deep Elf Chaos Knight)       Turns: 1903, Time: 00:02:26

Health: -15/33     AC: 21    Str:  9    XL:     3   Next: 16%
Magic:  5/5        EV:  2    Int: 16    God:    Xom [.*....]
Gold:   53         SH:  0    Dex: 15    Spells: 2/2 levels left

rFire    . . .     SeeInvis .   (no weapon)
rCold    . . .     Gourm    .   (no shield)
rNeg     + + +     Faith    .   (armour currently unavailable)
rPois    +         Spirit   .   (helmet currently unavailable)
rElec    .         Reflect  .   (cloak currently unavailable)
rCorr    .         Harm     .   (gloves currently unavailable)
MR       .....     NoTele   +   (boots currently unavailable)
Stlth    +.........             (no amulet)
HPRegen  0.11/turn              (no ring)
MPRegen  0.09/turn              (no ring)

@: mighty, tree-form
A: no striking features
a: Renounce Religion


You were on level 2 of the Dungeon.
You worshipped Xom.
You were a plaything of Xom.
You were not hungry.
You were a tree.
You visited 1 branch of the dungeon, and saw 2 of its levels.

You collected 53 gold pieces.

Inventory:

Hand Weapons
 a - a +0 falchion of chaos
Missiles
 h - a throwing net (quivered)
Armour
 b - a +2 leather armour (melded)
Scrolls
 d - a scroll of random uselessness {unknown}
 f - a scroll of teleportation {unknown}
 i - a scroll of remove curse
 l - a scroll of enchant weapon {unknown}
 m - a scroll of enchant armour {unknown}
Comestibles
 c - 4 rations


   Skills:
 + Level 2.8 Fighting
 + Level 3.1 Long Blades
 - Level 0.7 Armour
 + Level 3.2 Dodging


You had 2 spell levels left.
You didn't know any spells.
Your spell library was empty.

Dungeon Overview and Level Annotations

Branches:
Dungeon (2/15)

Altars:
Trog


Message History

As you read the scroll labeled SOANEA HEMEM, it crumbles to dust.
You feel blessed for a moment.
It was a scroll of remove curse.
Unknown command.
It was a potion of ambrosia.
You are confused.
You feel invigorated. The rime drake completely misses you.
The rime drake misses you.
Unknown command.
The rime drake barely misses you.
Unknown command.
It was a potion of lignification.
You turn into a tree.
Your +2 leather armour melds into your body.
Your roots penetrate the ground.
The rime drake breathes ice at you. The flash freeze hits you!!
Ouch! That really hurt!
* * * LOW HITPOINT WARNING * * *
You are encased in ice.
You are now empty-handed.
The rime drake bites you but does no damage.
Unknown command.
It was a potion of curing.
You feel better.
You feel less invigorated.
The rime drake changes into a spriggan!
You barely miss the spriggan.
The spriggan hits you but does no damage.
Unknown command.
You hit the spriggan.
The spriggan is lightly wounded.
The spriggan hits you!
* * * LOW HITPOINT WARNING * * *
You smack the spriggan!
The spriggan is heavily wounded.
The ice encasing you melts away.
The spriggan hits you but does no damage.
Unknown command.
You closely miss the spriggan.
The spriggan is moderately wounded.
The spriggan changes into a komodo dragon!
Unknown command.
Unknown command.
You hit the komodo dragon.
The komodo dragon is lightly wounded.
The komodo dragon bites you!
* * * LOW HITPOINT WARNING * * *
It was a potion of might.
You feel very mighty all of a sudden. The komodo dragon bites you!!
Ouch! That really hurt!
You die...
Xom cackles wildly!

#.......#.#
#.###......####
#.......#.# #.#
######....### #
..... #.## #.#
####...##
####^####..###.#
###..#
...............#
##.###
#####..........#
#....
...............##
####.
##########.##...####
#. #.###..♣l.# #.
#..##.###.## ##.
##....[##..# #..
#...(.###.###### #.#
#......##......# #.#
####.#.(....##.###
#.#
#.######.........#.#
#.# ###.# #.... ...
# #...##


You could see a komodo dragon shaped shifter.

Vanquished Creatures
  A worm (D:2)
  A dart slug (D:1)
  4 leopard geckos
  A giant cockroach (D:2)
  5 goblins
  2 hobgoblins (D:2)
  A ball python (D:2)
  2 bats (D:2)
  3 kobolds
  6 rats
26 creatures vanquished.

Notes
Turn   | Place    | Note
-------+----------+-------------------------------------------
     0 | D:1      | Flugkiller the Deep Elf Chaos Knight began the quest for
                  | the Orb.
     0 | D:1      | Reached XP level 1. HP: 13/13 MP: 3/3
   395 | D:1      | Reached XP level 2. HP: 15/18 MP: 4/4
   946 | D:1      | XOM: silly message
  1449 | D:2      | XOM: cloud trail
  1601 | D:2      | Reached XP level 3. HP: 12/22 MP: 5/5
  1694 | D:2      | Found a bloodstained altar of Trog.
  1697 | D:2      | XOM: polymorph bat -> hobgoblin
  1879 | D:2      | Noticed a shapeshifter
  1879 | D:2      | a worm changed into a shapeshifter
  1879 | D:2      | Noticed a yaktaur
  1879 | D:2      | a shapeshifter changed into a yaktaur
  1880 | D:2      | XOM: confuse monster(s)
  1883 | D:2      | Noticed a spiny frog
  1889 | D:2      | Noticed a rime drake
  1889 | D:2      | a spiny frog changed into a rime drake
  1897 | D:2      | Noticed a spriggan
  1897 | D:2      | a rime drake changed into a spriggan
  1901 | D:2      | Noticed a komodo dragon
  1901 | D:2      | a spriggan changed into a komodo dragon
  1903 | D:2      | Demolished by a komodo dragon (shapeshifter)

Illustrated notes

Levels and vault maps discovered:
D:1:      saegor_arrival_simple_c, layout_basic
D:2:      layout_rooms, nicolae_overflow_hidden_temple, first_ration,
          lemuel_tele_altar

Skill      XL: |  1  2 |
---------------+-------+-----
Long Blades    | 3 |  3.1
Dodging        | 3 |  3.2
Fighting       | |  2.8
Armour         | |  0.7

Action                   || total
-------------------------++-------
Melee: Falchion          ||    94
       Unarmed           ||     5
  Use: Potion            ||     4
       Scroll            ||     1
  Eat: Chunk             ||     3
Armor: Leather armour    ||    23
       Skin              ||     3
Dodge: Dodged            ||    59
       Rpst.: Falchion   ||    23
